Unix xNetHack Version 7.1.0 - last build Jun 10 2022 16:52:22 (33bbff3b7d1ce07880d5c4b1c5efc7e91935e5b9). Game began 2022-06-25 11:29:20, ended 2022-06-25 11:41:54. elenmirie, neutral female human Tourist -------------- |............| |.<...........##### ################## |............|########## #----------|--## -.------|-----# # #|N.........n| # ##### # #|...}}}}}...| # ------------ ## ## #|..}#.{.#}..| # #|..........| # #|..}.....}..| ###|..........| ### #|.......{}..| ##|..........| ---.--- ### #|..}.....}..| #|..........|#######......| ---|- #|..}#.{.#}..| #...........-### |.....| |...| #|...}}}}}...| ------------# ...+@.| |>..+ ########|S.........;| |.r...| |.*.| ## ------------- |.....| |.).-#####*# |.....| |...| ------- |...| ----- Elenmirie the Sightseer St:11 Dx:12 Co:16 In:11 Wi:10 Ch:16 Neutral Dlvl:5 $:5 HP:0(31) Pw:19(19) AC:9 Xp:4/119 T:1870 Latest messages: The door opens. "Aloha, elenmirie, welcome to Delphi!" You miss the rabid rat. The rabid rat bites! In what direction? h The dart hits the rabid rat. The rabid rat bites! In what direction? h The dart misses the rabid rat. The rabid rat bites! In what direction? h The dart misses the rabid rat. The rabid rat bites! In what direction? h You kill the rabid rat! In what direction? h a - 4 uncursed +2 darts (at the ready) {4}. a - an uncursed +2 dart (at the ready) {1}. You see here a stone statue of a guardian naga. In what direction? n You kill the red mold! a - an uncursed +2 dart (at the ready) {1}. You see here a glittery ring. F - a glittery ring {3}. You see here a stone statue of a water nymph. That door is closed. That door is closed. That door is closed. The door resists! The door resists! The door resists! The door opens. The little dog bites! In what direction? k The dart hits the little dog. The little dog bites! The little dog bites! What do you want to throw? [$arv or ?*] e In what direction? k The apple misses the little dog. e - an uncursed apple {2}. a - an uncursed +2 dart (at the ready) {1}. You see here a yellow spellbook. You fall into a pit! You die... Do you want your possessions identified? [ynq] (y) y Do you want to see your attributes? [ynq] (y) y Do you want an account of creatures vanquished? [ynaq] (y) y Do you want to see your conduct and achievements? [ynq] (y) y Do you want to see the dungeon overview? [ynq] (y) y Major events: Turn 1: elenmirie the neutral female human Tourist entered the dungeon 628: entered the Gnomish Mines 858: attained the rank of Sightseer (level 3) 1870: fell into a pit Inventory: Inventory: 664/725 weight (24/52 slots) Coins $ - 5 gold pieces {1} Weapons a - 27 uncursed +2 darts (at the ready) {27} v - an uncursed rustproof +0 orcish dagger {10} r - an uncursed +0 wooden orcish dagger {3} Armor s - an uncursed +0 orcish helm {30} A - an uncursed +0 orcish helm {30} k - an uncursed +0 pair of low boots (being worn) {8} j - an uncursed +0 Hawaiian shirt with a hula dancer motif (being worn) {4} D - an uncursed +0 leather studded armor {200} Comestibles d - 3 uncursed local delicacies {15} e - an uncursed apple {2} c - 6 uncursed food rations {120} b - an uncursed pancake {2} f - an uncursed tripe ration {10} g - 2 uncursed tins of smoked jackal meat {20} Scrolls C - a blessed scroll of identify {5} E - an uncursed scroll of light {5} Potions B - an uncursed potion of fruit juice {20} Rings x - an uncursed ring of cold resistance {3} F - an uncursed ring of conflict {3} Wands u - an uncursed wand of light (0:12) {7} z - an uncursed wand of teleportation (0:4) {7} Tools w - an uncursed sack containing 8 items {120} m - an uncursed credit card {1} l - an uncursed expensive camera (0:73) {12} Contents of the sack: 491 gold pieces a cursed scroll of destroy armor a cursed scroll of enchant weapon 2 uncursed scrolls of identify 4 uncursed scrolls of magic mapping an uncursed potion of booze an uncursed potion of fruit juice a blessed potion of see invisible Elenmirie the Tourist's attributes: Background: You were a Sightseer, a level 4 female human Tourist. You were neutral, on a mission for The Lady who was opposed by Blind Io (lawful) and Offler (chaotic). You were heterosexual. You were in the Dungeons of Doom, on level 5. You entered the dungeon 1870 turns ago. You had 119 experience points, 41 more were needed to attain level 5. Basics: You had 0 out of 31 hit points. You had all 19 energy points (spell power). Your armor class was 9. Your wallet contained 5 zorkmids. Autopickup was on for '$' plus thrown. Final Characteristics: Your strength was 11 (limit:18/100). Your dexterity was 12 (limit:18). Your constitution was 16 (limit:18). Your intelligence was 11 (limit:18). Your wisdom was 10 (limit:18). Your charisma was 16 (limit:18). Final Status: You were trapped in a pit. You were not hungry. You were unencumbered. You were bare handed. You were unskilled in bare handed combat. Final Attributes: You were devoutly aligned. You are dead. Miscellaneous: You never encountered a bones level. Total elapsed playing time was 12 minutes and 29 seconds. Vanquished creatures: a fog cloud a shrieker 3 rothes a rabid rat 2 dwarf zombies an iguana 2 yellow molds a red mold a gecko 3 jackals 2 foxes 2 goblins a sewer rat a grid bug 2 lichens a kobold zombie 6 newts 31 creatures vanquished. No species were genocided or became extinct. Voluntary challenges: You never hit with a wielded weapon. You were illiterate. You never genocided any monsters. You never polymorphed an object. You never changed form. You never touched an artifact. You used no wishes. You never owned a pet. You never scared an enemy with impunity. You were celibate. You never generated conflict. Achievements: You entered the Gnomish Mines. You attained the rank of Sightseer. The Dungeons of Doom: levels 1 to 5 Level 1: A fountain. Level 2: A fountain. Stairs down to The Gnomish Mines. Level 3: A fountain. Level 4: Some fountains, a grave. Level 5: <- You were here. Many fountains, many trees. Oracle of Delphi. Final resting place for you, fell into a pit. The Gnomish Mines: Level 3: Game over: __________ / \ / REST \ / IN \ / PEACE \ / \ | elenmirie | | 496 Au | | fell into a pit | | | | | | | | 2022 | *| * * * | * _________)/\\_//(\/(/\)/\//\/|_)_______ Aloha elenmirie the Tourist... You died in The Dungeons of Doom on dungeon level 5 with 741 points, and 496 pieces of gold, after 1870 moves. You were level 4 with a maximum of 31 hit points when you died.